 Dungeon Crawl Stone Soup version 0.26.1-11-gd32895ea62 (webtiles) character file.

Game seed: 12239350417476469962

74 Phaedo the Grasshopper (level 4, -6/38 HPs)
             Began as a Palentonga Warper on Apr 16, 2021.
             Mangled by Natasha (8 damage)
             ... on level 1 of the Dungeon.
             The game lasted 00:06:05 (2556 turns).

Phaedo the Grasshopper (Palentonga Warper)          Turns: 2556, Time: 00:06:06

Health: -6/38      AC:  4    Str: 14    XL:     4   Next: 10%
Magic:  7/7        EV:  9    Int: 15    God:
Gold:   69         SH:  0    Dex:  9    Spells: 7/7 levels left

rFire    . . .     SeeInvis +   a - +0 mace
rCold    . . .     Faith    .   (no shield)
rNeg     . . .     Spirit   .   b - +0 leather armour
rPois    .         Reflect  .   (no helmet)
rElec    .         Harm     .   (no cloak)
rCorr    .         Rampage  .   (no gloves)
Will     .....                  (no barding)
Stlth    +.........             (no amulet)
HPRegen  0.12/turn              (no ring)
MPRegen  0.10/turn              (no ring)

@: attractive
A: large, rugged brown scales 3, see invisible, deformed body, roll 1, armoured
tail
a: Rolling Charge


You were on level 1 of the Dungeon.
You visited 1 branch of the dungeon, and saw 2 of its levels.

You collected 69 gold pieces.

Inventory:

Hand Weapons
 a - a +0 mace (weapon)
Missiles
 c - 22 stones
 e - 5 boomerangs of dispersal (quivered)
Armour
 b - a +0 leather armour (worn)
Scrolls
 d - a scroll of blinking
 f - 2 scrolls of identify {unknown}
 g - a scroll of teleportation {unknown}
Potions
 h - a potion of attraction


   Skills:
 - Level 2.0 Fighting
 * Level 3.4 Maces & Flails
 - Level 0.6 Throwing
 - Level 0.7 Armour
 + Level 2.2 Dodging
 - Level 2.0 Spellcasting
 + Level 3.5 Translocations


You had 7 spell levels left.
You didn't know any spells.
Your spell library contained the following spells:

 Spells                   Type           Power        Failure   Level
 Blink                    Tloc           N/A          10%         2
 Gell's Gravitas          Tloc           6%           21%         3
 Lesser Beckoning         Tloc           6%           21%         3
 Teleport Other           Tloc           12%          21%         3
 Passage of Golubria      Tloc           N/A          54%         4


Dungeon Overview and Level Annotations

Branches:
Dungeon (2/15)

Altars:

Annotations:
D:1 Natasha
D:2 Robin


Innate Abilities, Weirdness & Mutations

You are completely covered in rugged brown scales. (AC +3, +7% HP)
You have supernaturally acute eyesight. (SInv)
Armour fits poorly on your strangely shaped body.
You can roll at nearby foes to attack.
You have a long armoured tail.


Message History

The goblin hits you but does no damage.
The jackal bites you but does no damage.
You climb upwards.
There is a stone staircase leading down here.
It was a potion of attraction.
You feel attractive to monsters.
The jackal bites you but does no damage.
Natasha casts a spell at you. The magic dart hits you.
* * * LOW HITPOINT WARNING * * *
The goblin hits you but does no damage.
Unknown command.
You barely miss Natasha.
Natasha is severely wounded.
The jackal misses you. Natasha closely misses you.
The goblin closely misses you. The jackal barely misses you.
You hit Natasha.
Your tail-slap misses Natasha.
Natasha is almost dead.
The jackal barely misses you. Natasha claws you!
You die...

##### ....#
###.### ....#.#
#######
......######...hg#
............)...@#
......######...#h#
....#....# #...#.#
....#.##.# #...#.#
....#..#.# #...#.#
....#..#.#
#...#.########
....#..#.#
#...#........#
.........#
#...#####.####
....#.#..#
#......##.#


You could see Natasha, a jackal and a goblin.

Vanquished Creatures
  A hound zombie (D:2)
  An adder (D:2)
  3 dart slugs
  A giant cockroach (D:2)
  12 goblins
  6 hobgoblins
  4 bats (D:2)
  2 frilled lizards
  6 kobolds
  8 rats
44 creatures vanquished.

Notes
Turn   | Place    | Note
-------+----------+-------------------------------------------
     0 | D:1      | Phaedo the Palentonga Warper began the quest for the Orb.
     0 | D:1      | Reached XP level 1. HP: 18/18 MP: 3/3
   202 | D:1      | Reached XP level 2. HP: 15/25 MP: 5/5
  1295 | D:2      | Reached XP level 3. HP: 28/31 MP: 6/6
  2121 | D:2      | Reached XP level 4. HP: 19/38 MP: 7/7
  2425 | D:2      | Noticed Robin
  2539 | D:2      | Noticed Natasha
  2556 | D:1      | Mangled by Natasha

Illustrated notes

Levels and vault maps discovered:
D:1:      mrwooster_arrival_statue_3, layout_basic
D:2:      layout_loops_ring, nicolae_dithmenos_shadow_blocks, st_stairs_4,
          uniq_natasha, uniq_robin

Skill      XL: |  1  2  3 |
---------------+----------+-----
Dodging        | 2 |  2.2
Maces & Flails | 3 |  3.4
Fighting       | |  2.0
Throwing       | |  0.6
Armour         | |  0.7
Spellcasting   | |  2.0
Translocations | |  3.5

Action                   |  1- 3 |  4- 6 || total
-------------------------+-------+-------++-------
Melee: Mace              |   155 |    35 ||   190
       Tailslap          |    16 |     2 ||    18
 Abil: Rolling Charge    |    24 |     4 ||    28
  Use: Potion            |       |     1 ||     1
Armor: Leather armour    |    59 |    22 ||    81
Dodge: Dodged            |    87 |    17 ||   104
